 Dungeon Crawl Stone Soup version 0.29.1-12-g30fa7ad0bf (webtiles) character file.

Game seed: 4615181108091977801

60 cheesebisquit the Chopper (level 3, -1/33 HPs)
             Began as a Minotaur Berserker on Jan 2, 2023.
             Was a Believer of Trog.
             Slain by Terence
             ... wielding a +2 hand axe of freezing
              (2 damage)
             ... on level 2 of the Dungeon.
             The game lasted 00:05:44 (1253 turns).

cheesebisquit the Chopper (Minotaur Berserker)      Turns: 1253, Time: 00:05:45

Health: -1/33      AC:  6    Str: 23    XL:     3   Next: 82%
Magic:  2/2        EV:  8    Int:  4    God:    Trog [**....]
Gold:   83         SH:  6    Dex:  9    Spells: 2/2 levels left

rFire   . . .      SeeInvis .   a - +0 hand axe
rCold   . . .      Faith    .   l - +0 kite shield
rNeg    + . .      Spirit   .   g - +0 scale mail
rPois   .          Reflect  .   (helmet restricted)
rElec   .          Harm     .   (no cloak)
rCorr   .          Rampage  .   (no gloves)
Will    .....                   (no boots)
Stlth   ..........              (no amulet)
HPRegen 0.11/turn               d - ring of positive energy
MPRegen 0.08/turn               (no ring)

@: brilliant, on berserk cooldown, flying, slowed, very slow
A: horns 2, retaliatory headbutt
a: Renounce Religion, Berserk, Trog's Hand


You were on level 2 of the Dungeon.
You worshipped Trog.
Trog was pleased with you.
You visited 1 branch of the dungeon, and saw 2 of its levels.

You collected 83 gold pieces.

Inventory:

Hand Weapons
 a - a +0 hand axe (weapon)
Armour
 e - a +0 ring mail
 g - a +0 scale mail (worn)
 l - a +0 kite shield (worn)
Jewellery
 d - a ring of positive energy (left hand)
Scrolls
 c - a scroll of magic mapping {unknown}
 f - a scroll of blinking {unknown}
 i - a scroll of identify {unknown}
 j - a scroll of teleportation {unknown}
 k - a scroll of torment {unknown}
 m - a scroll of amnesia {unknown}
Potions
 n - a potion of attraction {unknown}
 o - a potion of berserk rage


   Skills:
 - Level 4.0 Fighting
 + Level 4.7 Axes
 - Level 2.9 Armour
 - Level 2.6 Dodging
 + Level 1.4 Shields


You had 2 spell levels left.
You didn't know any spells.
Your spell library was empty.

Dungeon Overview and Level Annotations

Branches:
Dungeon (2/15)

Altars:

Annotations:
D:2 Terence


Innate Abilities, Weirdness & Mutations

You have a pair of horns on your head.
You reflexively headbutt those who attack you in melee.


Message History

You hit the hobgoblin. Terence closely misses you. You furiously retaliate!
You headbutt Terence, but do no damage. The hobgoblin hits you. x2
* * * LOW HITPOINT WARNING * * *
Terence closely misses you.
You barely miss Terence. Your headbutt misses Terence.
Terence is lightly wounded.
You barely miss the hobgoblin. Terence completely misses you.
The hobgoblin barely misses you.
The hobgoblin hits you but does no damage.
Terence closely misses you.
You barely miss Terence. Your headbutt misses Terence.
Terence is lightly wounded.
You barely miss the hobgoblin.
The hobgoblin no longer looks unusually strong.
You block Terence's attack.
The hobgoblin hits you but does no damage.
The hobgoblin hits you.
* * * LOW HITPOINT WARNING * * *
Terence hits you but does no damage.
You hit Terence but do no damage.
Terence is lightly wounded.
You hit the hobgoblin.
You kill the hobgoblin!
Trog accepts your kill. You block Terence's attack.
Terence hits you with a +2 hand axe of freezing.
* * * LOW HITPOINT WARNING * * *
Terence freezes you.
* * * LOW HITPOINT WARNING * * *
It was a potion of berserk rage.
You're still recovering from your berserk rage.
Terence hits you but does no damage.
It was a potion of brilliance.
You feel clever all of a sudden. You block Terence's attack.
Terence barely misses you.
It was a potion of flight.
You feel very buoyant.
You fly up into the air.
Terence hits you with a +2 hand axe of freezing.
You die...

#..... #. #..... ##. ........
#####..### ........#
.........#### ........#
............# ........#
............# ........#
......@†....# .......@....#
####### ......)))).## #......
.>......).).# #...... #
#........)..# #......
##.######...........#######......
..........................#......
..........#######.........#......
..........# ####.........#......
..........# #....#########......


You could see Terence.

Vanquished Creatures
  Robin (D:2)
  A dart slug (D:2)
  5 ball pythons
  2 endoplasms (D:1)
  3 giant cockroaches (D:1)
  13 goblins
  3 hobgoblins
  9 kobolds
  3 bats (D:1)
  3 frilled lizards
  4 rats (D:1)
47 creatures vanquished.

Notes
Turn   | Place    | Note
-------+----------+-------------------------------------------
     0 | D:1      | cheesebisquit the Minotaur Berserker began the quest for
                  | the Orb.
     0 | D:1      | Reached XP level 1. HP: 19/19 MP: 0/0
   204 | D:1      | Reached XP level 2. HP: 22/27 MP: 1/1
   967 | D:2      | Reached XP level 3. HP: 30/33 MP: 2/2
  1231 | D:2      | Noticed Robin
  1237 | D:2      | Reached ** piety under Trog
  1239 | D:2      | Noticed Terence
  1244 | D:2      | Reached skill level 1 in Shields
  1244 | D:2      | Killed Robin
  1250 | D:2      | HP: 1/33 [Terence/+2 hand axe of freezing (3)]
  1253 | D:2      | Slain by Terence

Illustrated notes

Levels and vault maps discovered:
D:1:      psy_arrival_radial01, layout_basic, serial_glass, glass_columns_a,
          glass_columns_b
D:2:      layout_basic, uniq_terence, uniq_jessica, uniq_robin, uniq_sigmund

Skill      XL: |  1  2  3 |
---------------+----------+-----
Fighting       | 4 |  4.0
Axes           | 4 |  4.7
Shields        | 1 |  1.4
Armour         | |  2.9
Dodging        | |  2.6

Action                   || total
-------------------------++-------
Melee: Hand axe          ||    80
       Headbutt          ||     8
Invok: Berserk           ||     2
  Use: Potion            ||     3
Armor: Animal skin       ||    24
       Ring mail         ||     6
       Scale mail        ||    13
Dodge: Dodged            ||    68
Block: Kite shield       ||     5
